[Event "MCCT Chessable Masters-KO 2022"]
[Site "Online"]
[Date "2022.05.23"]
[Round "2.1"]
[White "Ding, Liren"]
[Black "Carlsen, Magnus"]
[Result "1-0"]
[ECO "D11"]
[WhiteElo "2806"]
[BlackElo "2864"]
[Annotator "TA"]
[PlyCount "111"]
[EventDate "2022.05.23"]
[EventType "k.o."]
[EventCountry "NET"]
[SourceTitle "playchess.com"]
[Source "ChessBase"]
[SourceQuality "1"]
[TimeControl "900+10"]

1. d4 d5 2. c4 c6 3. Nf3 Nf6 4. e3 Bg4 5. h3 Bxf3 6. Qxf3 e6 7. Nc3 Nbd7 8. Bd3 Bb4 9. O-O {[%emt 0:00:12] D11: Slav Defence: 3 Nf3 sidelines and 3...Nf6 4 e3 Bg4.} O-O 10. Rd1 Re8 11. Qe2 {[%emt 0:00:12] White has an edge.} Qe7 12. Bd2 a6 {[%emt 0:01:36] [#]} 13. Be1 $146 ({Predecessor:} 13. e4 dxe4 14. Nxe4 Nxe4 15. Bxe4 Bxd2 16. Rxd2 Rad8 17. Rad1 Nf6 18. Bf3 Rd7 19. d5 exd5 20. Qxe7 Rexe7 21. cxd5 cxd5 22. Bxd5 {½-½ (22) Paunovic,D (2532)-Matamoros Franco,C (2515) Benidorm 2008}) 13... Rad8 14. Rac1 (14. a3 $5 dxc4 15. Bxc4 $14) 14... Bd6 (14... dxc4 $11 {remains equal.} 15. Bxc4 Nb6) 15. c5 $16 Bc7 16. f4 {[%emt 0:00:00] Prevents e5.} Ba5 {[%emt 0:00:54] [#]} ({Better is} 16... h6 $14) 17. Nxd5 $1 exd5 18. Bxa5 Rc8 19. Rc3 Nf8 20. Rb3 Ne6 21. Qf3 Qd7 22. Be1 {[%emt 0:01:21] 0x0.00226ac31207dp-1022s more active pieces.} Nd8 23. Rb6 Ne4 24. Bc2 f5 25. Rd3 Nf7 (25... Qf7 $142) 26. Rdb3 Rc7 27. Kf1 Qc8 28. Ke2 Nh8 29. Kd1 Ng6 30. Kc1 Nf8 31. Ba5 Rf7 32. Kb1 h6 33. a3 Nh7 34. Ka2 Nhf6 35. Be1 g5 36. Bd1 g4 37. hxg4 fxg4 38. Qf1 h5 {[%emt 0:00:14] [#]} (38... Ree7 $142) 39. Qh1 $1 Kg7 40. Bh4 Ng8 41. Bc2 Nd2 {[%emt 0:00:39] [#]} (41... Nh6 $142 42. Be1 Kg6 43. Bxe4+ (43. Qh4 Qd8 $16) 43... Rxe4) 42. Bg5 $1 $18 {[%emt 0:00:43][%cal Oh1h5] This bishop pair is nice.} Nxb3 43. Rxb3 ({Worse is} 43. Bxb3 Qf5 $11) ({And not} 43. Qxh5 Nd2 44. Bg6 Ree7 $11) 43... Nf6 (43... Ne7 44. f5 (44. Qxh5 Rh8 $17) 44... Nxf5) 44. Bxf6+ {[%emt 0:00:01][%mdl 64] Remove Defender} Rxf6 45. Qxh5 Rh8 {[%emt 0:00:04] Prevents Qh7+.} 46. Qe5 Kf7 47. e4 {[%emt 0:00:04] Really sharp!} dxe4 48. Bxe4 Re8 $2 (48... Qd7 49. d5 Rf8) 49. Qh5+ Ke7 50. d5 Kd8 51. Qg5 Ref8 52. Rd3 {[%emt 0:00:39] White wants to mate with dxc6+.} Qc7 53. dxc6+ Kc8 54. Qxg4+ Kb8 55. Rd7 Rxf4 56. Qg7 {[%emt 0:00:12] Weighted Error Value: White=0.10 (very precise) /Black=0.51} (56. Qg3 $142 Qxd7 57. cxd7 Kc7 58. Qd3 R4f7 59. Qd6+ Kd8 60. Bxb7 Rf6 61. Qd4) 1-0

[Event "MCCT Chessable Masters-KO 2022"]
[Site "Online"]
[Date "2022.05.23"]
[Round "2.1"]
[White "Giri, Anish"]
[Black "Praggnanandhaa R"]
[Result "0-1"]
[ECO "C54"]
[WhiteElo "2761"]
[BlackElo "2642"]
[Annotator "TA"]
[PlyCount "66"]
[EventDate "2022.05.23"]
[EventType "k.o."]
[EventCountry "NET"]
[SourceTitle "playchess.com"]
[Source "ChessBase"]
[SourceQuality "1"]
[TimeControl "300+3"]

1. e4 e5 2. Nf3 Nc6 3. Bc4 Bc5 4. O-O Nf6 5. d3 d6 6. c3 O-O 7. Re1 a6 {[%emt 0:00:02] C54: Giuoco Piano: 4 c3 Nf6, main lines with 5 d4 and 5 d3.} 8. h3 {[%emt 0:00:16] 8.h3 is a critical line.} h6 9. a4 a5 {[%emt 0:00:03] The position is equal.} 10. Bb5 Ba7 11. Nbd2 Bd7 12. Nf1 Ne7 13. Ng3 c6 14. Bc4 {[%emt 0:00:01] [#]} Ng6 $146 ({Predecessor:} 14... Re8 15. d4 exd4 16. cxd4 d5 17. e5 Nh5 18. Nxh5 dxc4 19. Qd2 Nf5 20. Ra3 Be6 21. Re4 Kh8 {1-0 (29) Travnik,A (800)-Sandocal,U (1689) LSS email 2015}) 15. d4 exd4 16. cxd4 d5 17. exd5 Nxd5 18. Bd2 Be6 19. Qc2 {[%emt 0:00:24][%cal Oe1e6] [#] And now Rxe6! would win.} (19. Qc1 $5 ) 19... Re8 20. Re4 Bb8 21. Rae1 {[%emt 0:00:04][%cal Oe4e6] Strongly threatening Rxe6!} (21. Nh5 {is interesting.} Re7 22. Re2 Qd6 23. Ng3) 21... Bxg3 22. fxg3 {[%emt 0:00:01][%cal Oe4e6] Threatens to win with Rxe6!} Nf8 23. Re5 Nf6 24. b3 Bd5 25. Rxe8 Nxe8 26. Ne5 $132 {[%emt 0:00:16][%mdl 2048] White puts up resistance} Nd6 27. Kh2 Ne6 28. Be3 Qe7 29. Rf1 Re8 30. Qc1 f6 31. Ng6 Qf7 32. Qc2 {[%emt 0:00:02][%mdl 8192] [#]} (32. Bxd5 $11 cxd5 33. Nf4) 32... Be4 $19 33. Ne5 Bxc2 {[%emt 0:00:02] Weighted Error Value: White=0.32/Black=0.04 (flawless)} 0-1

[Event "MCCT Chessable Masters-KO 2022"]
[Site "Online"]
[Date "2022.05.25"]
[Round "3.1"]
[White "Ding, Liren"]
[Black "Praggnanandhaa R"]
[Result "0-1"]
[ECO "A29"]
[WhiteElo "2806"]
[BlackElo "2642"]
[Annotator "TA"]
[PlyCount "116"]
[EventDate "2022.05.23"]
[EventType "k.o."]
[EventCountry "NET"]
[SourceTitle "playchess.com"]
[Source "ChessBase"]
[SourceQuality "1"]
[TimeControl "900+10"]

1. c4 e5 2. Nc3 Nf6 3. Nf3 Nc6 4. g3 d5 5. cxd5 Nxd5 6. Bg2 Nb6 7. O-O Be7 8. b3 O-O 9. Bb2 Bf5 {[%emt 0:03:23] A29: English Opening: Four Knights Variation with 4 g3.} 10. d3 Qd7 11. Rc1 Rad8 {[%emt 0:01:17] [#] The position is equal.} 12. a3 $146 ({Predecessor:} 12. Nd2 Bh3 13. Nc4 Nxc4 14. bxc4 Bxg2 15. Kxg2 f5 16. f3 Bc5 17. Nd5 Nd4 18. Bxd4 exd4 {1-0 (31) Beck,F (1508)-Behr,J (1645) Magdeburg 2019}) 12... Rfe8 13. b4 Bf8 14. Re1 a5 15. bxa5 (15. b5 $5 Nd4 16. Nh4 $11) 15... Nxa5 16. Nd2 h6 17. h4 Ra8 18. Rb1 Be6 19. Qc1 Nc6 20. Rd1 Ra5 21. Nc4 Nxc4 22. dxc4 Qc8 23. Nd5 Rc5 24. a4 Na5 25. Ba3 Rxc4 26. Qe3 Bxa3 (26... Rxa4 27. Bxf8 Bxd5 28. Bxg7 Kxg7 29. Rxd5 $11) 27. Qxa3 {[%emt 0:00:00] aiming for Ne7+.} Nc6 {[%emt 0:00:20] Prevents Ne7+.} (27... Qd8 $1 $15) 28. e3 e4 29. Bf1 Rc2 30. Nb4 Nxb4 31. Qxb4 Bg4 32. Rdc1 Rxc1 33. Rxc1 Bf3 34. a5 (34. Kh2 $11) 34... Rd8 (34... Re5 $15) 35. Bg2 (35. Rb1 $11) 35... c6 36. Rb1 Rd5 37. Qxb7 Qxb7 38. Rxb7 Rxa5 $15 {[%emt 0:00:01][%mdl 4096] Endgame KRB-KRB} 39. Rc7 Rc5 40. g4 Rc4 41. g5 hxg5 42. hxg5 Rc5 (42... Bxg2 $17 43. Kxg2 Rc5) 43. Bxf3 (43. g6 $1 $11 fxg6 44. Bxf3 exf3 45. Kh2) 43... exf3 $11 {[%emt 0:00:01] KR-KR} 44. Kh2 Rxg5 45. Rxc6 (45. Rc8+ $17 Kh7 46. e4) 45... Rg2+ 46. Kh3 Kh7 $2 (46... Rxf2 47. Kg3 Rf1 48. e4 $17) (46... f6 $1 $19 {has better winning chances.} 47. Rc7 Rxf2) 47. Rc4 Rxf2 {[%emt 0:00:08] Hoping for ...Re2.} 48. Kg3 Rf1 49. Rh4+ Kg8 50. Ra4 g6 {[%emt 0:00:09] And now ...Kg7 would win.} 51. Ra7 Kg7 {[%emt 0:00:03] Strongly threatening ...Kf6.} 52. Kg4 $2 (52. Re7 $17) 52... Kf6 $1 $19 ({Inferior is} 52... f2 53. Kf3 $17) 53. Ra5 {[%emt 0:00:05] [#]} Ke6 $2 ({And not} 53... f2 54. Kf3 $17) (53... g5 $1 $19 {is more deadly.} 54. Ra4 Ke5) 54. Kf4 $17 Kf6 (54... f5 $17 {[%cal Og6g5] ...g5+! is the strong threat.} 55. Ra6+ Kf7 56. Ra7+ Kf6 57. Ra6+ Kg7 58. Ra7+ Kh6) 55. Ra6+ (55. Kg4 $1 $11 {was the only way to keep the balance.} g5 56. Kg3) 55... Kg7 {[%emt 0:00:01][%cal Og6g5] Threatens to win with ...g5+!} 56. Kg3 $2 {[%emt 0:00:20][%mdl 8192] [#]} (56. Ra5 $17) 56... f5 $1 $19 ({Worse is} 56... f2 57. Kg2 Rh1 58. Kxf2 $17) 57. Ra5 Kf6 58. Ra6+ Ke5 {[%emt 0:00:10] Weighted Error Value: White=0.51/Black=0.29 (precise)} 0-1

[Event "MCCT Chessable Masters-KO 2022"]
[Site "Online"]
[Date "2022.05.25"]
[Round "3.1"]
[White "Praggnanandhaa R"]
[Black "Ding, Liren"]
[Result "0-1"]
[ECO "D35"]
[WhiteElo "2642"]
[BlackElo "2806"]
[Annotator "TA"]
[PlyCount "84"]
[EventDate "2022.05.23"]
[EventType "k.o."]
[EventCountry "NET"]
[SourceTitle "playchess.com"]
[Source "ChessBase"]
[SourceQuality "1"]
[TimeControl "900+10"]

1. d4 Nf6 2. c4 e6 3. Nc3 d5 4. cxd5 exd5 5. Bg5 c6 6. e3 h6 7. Bh4 Be7 8. Bd3 O-O 9. Nge2 {[%emt 0:00:07] outshines the older 9.Qc2. D35: Queen's Gambit Declined: Exchange Variation.} Re8 10. O-O Nbd7 11. a4 {[%emt 0:00:25][%cal Ba2a4,Ba4a5][%mdl 32] The position is equal.} Nh5 12. Bxe7 Qxe7 13. a5 {[%emt 0:00:15] [#]} Nf8 $5 $146 {[%emt 0:00:22][%mdl 8] New and interesting.} ({Predecessor:} 13... a6 14. Ra3 Nf8 15. Na4 Rb8 16. Qd2 Qg5 17. f3 g6 18. Bb1 Ng7 19. Nf4 Bf5 {½-½ (29) Caruana,F (2786)-Firouzja,A (2804) Bucharest 2022}) 14. Nc1 Nf6 15. Nb3 Rb8 16. Qc2 b6 17. axb6 axb6 18. Nd2 c5 19. Nf3 c4 20. Bf5 b5 21. Ne5 (21. Bxc8 $11 Rexc8 22. Ra5) 21... Bxf5 $15 22. Qxf5 b4 23. Ne2 Ra8 24. Nf4 Ne6 25. Nh5 ({White should try} 25. Nxe6 $15 Qxe6 26. Qxe6 fxe6 27. f3) 25... Ne4 (25... Nxh5 $17 26. Qxh5 b3) 26. Ng3 Nd6 27. Qf3 {[%emt 0:00:03] [#] aiming for Rxa8.} Qb7 28. Nf5 $2 {[%emt 0:00:41] Now White is beyond hope.} (28. h4 $17 {might work better.}) 28... Ng5 $19 29. Qf4 Nxf5 30. Qxf5 {[%emt 0:00:01] [#]} Ne4 $1 31. h3 $2 (31. f3 Rxa1 32. Rxa1) 31... b3 {[%emt 0:00:08] Black is clearly winning.} 32. Kh2 c3 33. bxc3 Rxa1 34. Rxa1 Nxc3 {[%emt 0:00:11] White must now prevent ...b2.} ({Weaker is} 34... b2 35. Rb1 Rf8 36. Nd3 Qc7+ 37. Qe5 Qxc3 38. Rxb2 $17 (38. Nxb2 $2 Qc2 $19)) 35. Ra3 {[%emt 0:00:25][%cal Oa3b3] Rxb3! is the strong threat.} Rf8 {[%emt 0:01:48][%cal Ob3b2] And now ...b2! would win.} 36. Nd3 b2 37. Nxb2 Qxb2 38. Ra6 Qb7 {[%emt 0:00:19] Inhibits Rc6.} 39. Ra1 Ne4 40. g3 (40. f3 $142 Qc7+ 41. Qe5) 40... g6 41. Qf4 Qb2 42. Rf1 Rc8 {[%emt 0:00:06] Weighted Error Value: White=0.43/Black=0.09 (flawless)} 0-1

[Event "MCCT Chessable Masters-KO 2022"]
[Site "Online"]
[Date "2022.05.25"]
[Round "3.2"]
[White "Ding, Liren"]
[Black "Praggnanandhaa R"]
[Result "1/2-1/2"]
[ECO "D41"]
[WhiteElo "2806"]
[BlackElo "2642"]
[Annotator "TA"]
[PlyCount "82"]
[EventDate "2022.05.23"]
[EventType "k.o."]
[EventCountry "NET"]
[SourceTitle "playchess.com"]
[Source "ChessBase"]
[SourceQuality "1"]
[TimeControl "900+10"]

1. d4 Nf6 2. c4 e6 3. Nf3 d5 4. Nc3 c5 5. cxd5 Nxd5 6. e4 Nxc3 7. bxc3 cxd4 8. cxd4 Bb4+ 9. Bd2 Bxd2+ 10. Qxd2 O-O 11. Rd1 {[%emt 0:00:05] D41: Queen's Gambit Declined: Semi-Tarrasch with 5 cxd5.} b6 12. Bd3 Ba6 13. Bxa6 {[%emt 0:00:01] White has an edge.} Nxa6 14. O-O Rc8 {[%emt 0:00:48] [#]} 15. h3 $146 ({Predecessor:} 15. Qe2 Nb8 16. d5 exd5 17. Rxd5 Qc7 18. Nd4 Qc4 19. Qg4 Rc5 20. Nf5 g6 21. Rxc5 Qxc5 {½-½ (67) Giri,A (2764)-Nepomniachtchi,I (2784) chess24.com INT 2020}) 15... h6 16. Qe2 Nb8 17. d5 exd5 18. Rxd5 Qc7 19. Rfd1 (19. Nd4 $14) 19... Qc4 $11 {[%emt 0:01:39] The position is equal.} 20. Qe3 Nc6 21. Nh4 {[%emt 0:05:11] [#] Threatens to win with Nf5.} Rfe8 ({Don't do} 21... Qxa2 22. Nf5 Kh7 23. Rd6 $16) 22. Rc1 Qxe4 23. Qxe4 Rxe4 24. Nf5 {[%emt 0:00:01] And now Nd6 would win.} Kh7 25. Rd7 ({Much weaker is} 25. Nd6 Nb4 26. Nxc8 Nxd5 $17) 25... Ne5 26. Rxc8 Nxd7 {[%emt 0:00:01][%mdl 4096] Endgame KRN-KRN} 27. Rc7 Re1+ 28. Kh2 Rd1 29. Rxa7 Rd2 30. Ne3 g6 31. Nc4 Rd4 32. Rb7 Rxc4 33. Rxd7 {[%emt 0:00:01] KR-KR} Kg7 34. Rb7 Rc2 35. f3 Rxa2 36. Rxb6 h5 37. h4 Ra4 38. Kg3 Rc4 39. Ra6 Rb4 40. Ra5 Rb3 41. Ra6 Rb4 {[%emt 0:00:03] An interesting draw.  Weighted Error Value: White=0.04 (flawless) /Black=0.03 (flawless)} 1/2-1/2

[Event "MCCT Chessable Masters-KO 2022"]
[Site "Online"]
[Date "2022.05.25"]
[Round "3.2"]
[White "Praggnanandhaa R"]
[Black "Ding, Liren"]
[Result "1/2-1/2"]
[ECO "A30"]
[WhiteElo "2642"]
[BlackElo "2806"]
[Annotator "TA"]
[PlyCount "87"]
[EventDate "2022.05.23"]
[EventType "k.o."]
[EventCountry "NET"]
[SourceTitle "playchess.com"]
[Source "ChessBase"]
[SourceQuality "1"]
[TimeControl "900+10"]

1. d4 Nf6 2. Nf3 b6 3. c4 Bb7 4. g3 c5 5. Bg2 cxd4 6. O-O g6 7. Qxd4 Bg7 8. Nc3 Nc6 9. Qh4 h6 10. Nd5 (10. Qf4 $142 $1) 10... Rc8 {[%emt 0:00:02] A30: Symmetrical English: Double Fianchetto and Hedgehog.} 11. Rb1 Na5 12. Nd2 {[%emt 0:04:25] [#]} O-O $146 ({Predecessor:} 12... e6 13. Nxf6+ Bxf6 14. Qh3 Bxg2 15. Qxg2 Nxc4 16. Ne4 Be7 17. b3 Nd6 18. Nxd6+ Bxd6 {0-1 (38) Bregadze,L (2458)-Ashwin,J (2442) Saint Louis 2014}) 13. Nxf6+ Bxf6 14. Qxh6 Bxg2 15. Kxg2 Nxc4 16. Ne4 Qc7 17. Nxf6+ exf6 18. b3 $1 {[%emt 0:00:04] Really sharp!} Qb7+ 19. Kg1 (19. f3 $5 Ne5 20. Rb2 $14) 19... Ne5 (19... Qe4 $11 20. Bf4 Ne5) 20. Bb2 ({White should try} 20. Rb2 $16) 20... Rc2 $11 21. Bxe5 ({Much worse is} 21. Ba3 Re8 22. Rb2 {[#]} Rxe2 $1 23. Rxe2 Nf3+ 24. Kh1 Nd4+ 25. f3 Nxe2 $11) 21... fxe5 22. Qe3 Re8 23. a4 Qa6 24. Rfe1 d5 25. Rbd1 Qa5 26. Qd3 Rc5 27. Qd2 (27. h4 {keeps more tension.} Qb4 28. Kg2 Qg4 29. f3) 27... Qxd2 28. Rxd2 {[%emt 0:00:00][%mdl 4096] Endgame KRR-KRR} Rec8 29. Kg2 a5 30. e3 Kg7 31. Rb1 Rd8 32. b4 Rc4 33. bxa5 bxa5 34. Rb5 Rxa4 35. Rbxd5 Rxd5 36. Rxd5 {[%emt 0:00:01] KR-KR} e4 37. g4 Kf6 38. h4 Ra1 39. Kg3 a4 {[%emt 0:00:09] The position is equal.} 40. Ra5 a3 41. Kf4 Rf1 42. Rxa3 Rxf2+ 43. Kxe4 Rh2 44. h5 {[%emt 0:00:03] Weighted Error Value: White=0.08 (flawless) /Black=0.09 (flawless)} 1/2-1/2

[Event "MCCT Chessable Masters-KO 2022"]
[Site "Online"]
[Date "2022.05.25"]
[Round "3.3"]
[White "Ding, Liren"]
[Black "Praggnanandhaa R"]
[Result "1-0"]
[ECO "E46"]
[WhiteElo "2806"]
[BlackElo "2642"]
[Annotator "TA"]
[PlyCount "97"]
[EventDate "2022.05.23"]
[EventType "k.o."]
[EventCountry "NET"]
[SourceTitle "playchess.com"]
[Source "ChessBase"]
[SourceQuality "1"]
[TimeControl "300+3"]

1. d4 Nf6 2. c4 e6 3. Nc3 Bb4 4. e3 O-O 5. Bd2 d5 6. a3 Be7 7. Nf3 {[%emt 0:00:00] E46: Nimzo-Indian: Rubinstein: 4 e3 0-0 5 Ne2 without early Bd3.} b6 8. cxd5 exd5 9. Rc1 $5 {[%emt 0:00:00][%mdl 4] The position is equal. An interesting side line.} c5 10. dxc5 bxc5 11. Bd3 {[%emt 0:00:00] [#]} Bg4 $146 ({Predecessor:} 11... Bb7 12. O-O Re8 13. Na4 Nbd7 14. Bc3 Bf8 15. Bb5 Ne4 16. Qd3 Re6 17. Rfd1 a6 18. Bxd7 Qxd7 {0-1 (32) Tkachyov,A (2019)-Agmanov,Z (2417) Nur Sultan 2021}) 12. h3 Bh5 13. Ne2 Bxf3 14. gxf3 Nbd7 (14... Nc6 $15) 15. Bc3 $11 Re8 16. O-O Nf8 (16... Qb8 $11 {keeps the balance.}) 17. Ng3 ({White should try} 17. Bb5 $16) 17... Ng6 18. Nf5 {[%emt 0:00:03] Inhibits d4.} Bf8 19. Bb1 d4 20. exd4 Nd5 21. dxc5 Qg5+ (21... Ngf4 $5 22. Kh2 Qc7 $15) 22. Kh2 $1 (22. Ng3 Ngf4 23. Bd2 (23. Qc2 $2 g6 $19) 23... Nxh3+ 24. Kh2 Ndf4 25. Bxf4 (25. Qc2 $2 g6 $19) 25... Nxf4 $19) 22... Rad8 {[%emt 0:00:23][%mdl 1024] Black has compensation.} (22... Nxc3 23. Rxc3 Re5 24. Ng3 $11) 23. Qa4 $1 {[%emt 0:01:29] [#] Threatens to win with Qg4.} Ndf4 ({Don't do} 23... Nxc3 24. Rxc3 Qd2 25. Ng3 $14 (25. Qxa7 $2 Re1 $19)) 24. Rg1 {[%emt 0:00:01] Prevents Qg2+.} Qh5 25. Rg3 Ne2 26. Rcg1 Nxg3 27. Rxg3 {[%emt 0:00:06] And now Be4 would win. The board is on fire.} Re2 28. Bd4 Rd2 (28... Nh4 $1 $11 29. Nxg7 Bxg7 30. Rxg7+ Kf8 31. Rxh7 Qxf3 32. Bg7+ (32. Rxh4 {is a self mate.} Rxf2+ 33. Bxf2 Qxf2+ 34. Kh1 Qf1+ 35. Kh2 Rd2+ 36. Kg3 Rg2#) 32... Kg8 33. Rh8+ Kxg7 34. Rh7+ Kg8 35. Rh8+ Kg7 36. Rh7+ Kg8 37. Rh8+ Kg7) 29. Be3 $1 $14 {[%emt 0:00:23] Hoping for Be4.} R2d5 (29... Rxb2 $16 30. Qe4 Rxb1 31. Qxb1 Rd5) 30. Rg5 (30. Qc2 $18) 30... Qxf3 {[%emt 0:00:05] Strongly threatening ...Rd1.} 31. Be4 {[%emt 0:00:01] Active counter play!} Qd1 32. Qxd1 Rxd1 33. c6 $36 {[%emt 0:00:03][%mdl 2048] White is more active.} Rc8 (33... a6 $11) 34. Bxa7 $16 {[%emt 0:00:04] This bishop pair is nice.} f6 $2 {[%emt 0:00:01] Loses the game.} (34... Re8 $16 {was worth a try.} 35. Bf3 Rd2) 35. Rg1 $18 Rd2 (35... Rxg1 $142 36. Kxg1 (36. Bd5+ Kh8 $16) 36... Nf4) 36. b4 Ne5 37. b5 g6 38. Be3 Kh8 $2 (38... Rdd8 39. b6 Nxc6) 39. Bxd2 gxf5 40. Bd5 Bd6 41. f4 Nd3 42. b6 {[%emt 0:00:02] White mates.} Nxf4 43. Bxf4 Bxf4+ {[%emt 0:00:01] KRB-KRB} 44. Kh1 h5 45. a4 Kh7 46. a5 Bd2 47. a6 Be3 48. Rb1 Rd8 {[%emt 0:00:09] [#]} 49. a7 $1 {[%emt 0:00:02] Weighted Error Value: White=0.13 (very precise) /Black=0.43} 1-0

[Event "MCCT Chessable Masters-KO 2022"]
[Site "Online"]
[Date "2022.05.25"]
[Round "3.3"]
[White "Praggnanandhaa R"]
[Black "Ding, Liren"]
[Result "1/2-1/2"]
[ECO "D38"]
[WhiteElo "2642"]
[BlackElo "2806"]
[Annotator "TA"]
[PlyCount "133"]
[EventDate "2022.05.23"]
[EventType "k.o."]
[EventCountry "NET"]
[SourceTitle "playchess.com"]
[Source "ChessBase"]
[SourceQuality "1"]
[TimeControl "300+3"]

1. d4 Nf6 2. c4 e6 3. Nc3 d5 4. Nf3 Bb4 5. Qa4+ Nc6 6. e3 O-O 7. Qc2 {[%emt 0:00:02] D38: Queen's Gambit Declined: Ragozin Defence (4 Nf3 Bb4).} Re8 8. Bd2 Bf8 {[%emt 0:00:01] 8...Bf8 is better than 8...a6.} 9. Be2 Nb4 10. Qb1 dxc4 11. Bxc4 b6 12. a3 {[%emt 0:00:00] [#]} Nbd5 $146 ({Predecessor:} 12... Ba6 13. Bxa6 Nxa6 14. b4 c5 15. dxc5 bxc5 16. b5 Nc7 17. O-O a6 18. a4 Ncd5 {½-½ (61) Martirosyan,H (2621)-Petrosyan,M (2620) Yerevan 2022}) 13. e4 Nxc3 14. Bxc3 Bb7 15. Bd3 h6 16. b4 Rb8 17. O-O c5 18. dxc5 bxc5 19. Be5 Rc8 $1 20. bxc5 Rxc5 21. Bd4 Rc7 22. Bxa7 {[%emt 0:00:07] Bb6 is the strong threat.} Qa8 23. Bb6 Rcc8 {[%emt 0:00:08][%cal Rf6e4][%mdl 1024] Black has compensation.} 24. Re1 $36 {[%emt 0:00:04][%mdl 2048] White is pushing.} Nd7 25. Bd4 Nc5 26. Bc2 Red8 27. a4 f5 28. Qa2 (28. a5 $5 ) 28... fxe4 (28... Kh7 $11) 29. Bxc5 $16 Bd5 {[%emt 0:00:01] [#]} 30. Bxe4 $1 Rxc5 (30... Bxa2 31. Bxa8) 31. Bxd5 exd5 32. a5 {[%emt 0:00:13] Threatens to win with a6.} Rdc8 (32... Qa6 $16) 33. a6 $18 Rc2 34. Qb3 Qa7 (34... R2c3 $142 35. Qb5 (35. Qb7 R3c7 $18) 35... R3c7) 35. Qxd5+ (35. Qe3 Qxe3 36. fxe3 (36. Rxe3 Bc5 $11) 36... Bc5 $16) 35... Kh8 36. Rf1 Bc5 37. Kh1 Qa8 38. Qxa8 (38. Qf5 $142 Bxf2 {[#]} 39. Ng5 $1 hxg5 40. Rxf2 Rc1+ 41. Rf1 Rxf1+ 42. Qxf1) 38... Rxa8 39. Rfc1 (39. g3 $16) 39... Rxc1+ (39... Rxa6 $1 $14 40. Rxc2 Rxa1+ 41. Ng1 Ra5) 40. Rxc1 $16 Bxf2 $14 {[%emt 0:00:06][%mdl 4096] Endgame KRB-KRN} 41. Rc6 Kg8 42. g4 Kf7 (42... Rb8 {was necessary.} 43. g5 hxg5 44. Nxg5 Be3) 43. Kg2 $18 Be3 44. Ne5+ Ke7 45. Kf3 Bg1 46. h4 Rb8 47. Ke4 Rb5 (47... Rb1 $142 48. Nf3 Bf2 49. Rc7+ Kd6 50. Rxg7 Rb4+ 51. Kd3 Rb3+ 52. Ke2 Rb2+ 53. Kd1 Be3) 48. Rc7+ $2 ({White should try} 48. Rc1 $18 Bf2 49. Ra1) 48... Ke6 $2 (48... Kd6 $1 $11 49. Rc6+ Ke7) 49. Rc6+ $2 (49. Nc6 Kd6 50. Rc8 (50. Rxg7 Kxc6 51. Rg6+ Kc7 $16)) 49... Ke7 50. Rc1 {[%emt 0:00:05] Prevents Rb1.} Bb6 51. a7 ({But not} 51. Nc6+ Ke6 52. Ra1 Kd7 $18) (51. Ra1 $142) 51... Rb4+ $2 (51... Bxa7 {might work better.} 52. Nc6+ Ke6 53. Nxa7 Rb4+ 54. Kf3 Rb3+ 55. Kf2 Rb2+ 56. Kg3 Rb3+ 57. Kf2 Rb2+ 58. Kg3 Rb3+ 59. Kf2) 52. Kf5 Ra4 53. Rb1 $2 (53. Rc4 Ra5 54. Kg6 Kd6) ({White has to play} 53. Rd1 $18) 53... Bxa7 $14 54. Rb7+ Kf8 55. Kg6 {[%emt 0:00:02] And now Kh7 would win.} Ra6+ $1 {[%emt 0:00:08] The position is equal.} (55... Bd4 $2 56. Nc6 Ba7 57. Rxa7 $18) 56. Kh7 Bd4 57. Ng6+ Ke8 58. Rb8+ Kf7 59. Rb7+ Ke8 60. h5 Bf6 {[%emt 0:00:02] Prevents Nh4.} 61. Rxg7 Bxg7 62. Kxg7 $11 {[%emt 0:00:00] KR-KN} Ra4 63. Kxh6 Rxg4 64. Kg7 Rg1 65. h6 Rh1 66. h7 Rxh7+ 67. Kxh7 {[%emt 0:00:00] Blacks defense is rewarded with a draw.  Weighted Error Value: White=0.35/Black=0.38} 1/2-1/2